 Dungeon Crawl Stone Soup version 0.18.1-48-g4cf74bf (webtiles) character file.

1498 theElss the Thaumaturge (level 8, -8/46 HPs)
             Began as a High Elf Conjurer on July 9, 2016.
             Mangled by a steam dragon (10 damage)
             ... on level 5 of the Dungeon.
             The game lasted 00:28:08 (7613 turns).

theElss the Thaumaturge (High Elf Conjurer)         Turns: 7613, Time: 00:28:09

Health: -8/46      AC:  2    Str:  9    XL:     8   Next: 52%
Magic:  10/22      EV: 15    Int: 20    God:
Gold:   197        SH:  0    Dex: 15    Spells: 4 memorised, 13 levels left

rFire  . . .     SeeInvis .     e - +2 dagger (venom)
rCold  . . .     Gourm    .     a - +0 robe
rNeg   . . .     Faith    .     (no shield)
rPois  .         Spirit   .     (no helmet)
rElec  .         Dismiss  .     (no cloak)
rCorr  .         Reflect  .     (no gloves)
SustAt .         Harm     .     (no boots)
MR     .....                    (no amulet)
Stlth  ++........               (no ring)
                                (no ring)

@: very slightly contaminated, not resistant to hostile enchantments, unstealthy
A: no striking features
a: no special abilities


You were on level 5 of the Dungeon.
You were not hungry.

You visited 1 branch of the dungeon, and saw 5 of its levels.

You collected 197 gold pieces.

Inventory:

Hand Weapons
 e - a +2 dagger of venom (weapon)
Armour
 a - a +0 robe (worn)
Scrolls
 d - 2 scrolls of immolation {unknown}
 g - 3 scrolls of identify {unknown}
 h - 3 scrolls of teleportation {unknown}
 m - 2 scrolls of fear {unknown}
 p - 2 scrolls of remove curse {unknown}
 r - a scroll of fog {unknown}
 s - 4 scrolls of recharging {unknown}
 u - 2 scrolls of magic mapping {unknown}
 w - a scroll of random uselessness {unknown}
Potions
 f - 4 potions of curing {unknown}
 i - 3 potions of might {unknown}
 j - 2 potions of cure mutation {unknown}
 k - a potion of agility {unknown}
 o - a potion of degeneration {unknown}
 q - 3 potions of flight {unknown}
 v - a potion of invisibility {unknown}
 x - 2 potions of lignification {unknown}
Books
 b - a book of Conjurations

   Spells                             Type                      Level
   a - Magic Dart                     Conjuration                  1
   b - Searing Ray                    Conjuration                  2
   c - Dazzling Spray                 Conjuration/Hexes            3
   d - Fulminant Prism                Conjuration/Hexes            4
   e - Iskenderun's Mystic Blast      Conjuration                  4
   f - Iskenderun's Battlesphere      Conjuration/Charms           5
 n - a book of Callings

   Spells                             Type                      Level
   a - Summon Small Mammal            Summoning                    1
   b - Call Imp                       Summoning                    2
   c - Call Canine Familiar           Summoning                    3
   d - Summon Guardian Golem          Hexes/Summoning              3
   e - Summon Lightning Spire         Summoning/Air                4
   f - Summon Ice Beast               Ice/Summoning                4
Comestibles
 c - 6 bread rations


   Skills:
 + Level 0.5 Short Blades
 * Level 5.5 Dodging
 - Level 2.1 Stealth
 * Level 9.1 Spellcasting
 + Level 7.2 Conjurations


You had 13 spell levels left.
You knew the following spells:

 Your Spells              Type           Power        Failure   Level  Hunger
a - Magic Dart            Conj           ####         1%          1    None
b - Iskenderun's Battles  Conj/Chrm      ###.....     58%         5    #####..
c - Searing Ray           Conj           #####.       1%          2    None
d - Iskenderun's Mystic   Conj           #####...     4%          4    ###....


Dungeon Overview and Level Annotations

Branches:
Dungeon (5/15)
 Temple: D:4-7

Altars:
Fedhas
Qazlal
Zin


Message History

Confirm with . or Enter, or press ? or * to list all spells.
Aiming: Searing Ray
Press: ? - help, Shift-Dir - straight line, f/p - steam dragon
Aim: a steam dragon (moderately wounded)
The searing ray misses the steam dragon.
The steam dragon breathes steam at you. The ball of steam hits you!
The searing ray hits the steam dragon.
The steam dragon is heavily wounded.
You are engulfed in a cloud of scalding steam.
The searing ray misses the steam dragon.
You are engulfed in a cloud of scalding steam.
* * * LOW HITPOINT WARNING * * *
The steam dragon closely misses you. The steam dragon barely misses you.
The searing ray hits the steam dragon.
The steam dragon is severely wounded.
You are engulfed in a cloud of scalding steam.
* * * LOW HITPOINT WARNING * * *
The steam dragon bites you!
You die...

.###.###.#.............# ######..
.#.....#......####.#.#.###.≈.##..
>.............## #.#...#.≈....###
.#####...##.#..###.#.###P....^.#
.##....#.##.#.........#P......≈##
..........#.##..##.##.#≈^....≈P##
###....####.###.##.#####P≈..≈.# #
#....#....# #..#.....#≈P.P.## #
#....#.#######@###...##P.≈#####
######.##....#D# #.####P.P#....
#.##....#.###.# #P.≈#...#
########.##..........# #≈.≈#...#
......##.##....##.#### #..≈#....
.........#####.#.....# #≈..#####
.......### #.......#####.≈# #.
.......# ###.....#...#.≈# #.
######.# #.........#.P## #.


You could see a steam dragon.

Vanquished Creatures
  The ghost of daning the Slasher, an amateur HESk of Okawaru (D:5)
  A phantom (D:5)
  3 ogres
  6 killer bees (D:5)
  A howler monkey (D:4)
  An orc priest (D:4)
  2 orc wizards
  A gnoll shaman (D:4)
  A hound (D:5)
  A centaur skeleton (D:5)
  A giant frog skeleton (D:4)
  An iguana (D:4)
  Jessica (D:2)
  Natasha (thrice) (D:3)
  3 worker ants (D:4)
  A hound skeleton (D:5)
  A worker ant zombie (D:5)
  10 gnolls
  3 adders
  A shadow imp (D:5)
  2 oozes
  An adder skeleton (D:4)
  5 worms
  A dart slug (D:3)
  4 giant geckos
  11 orcs
  5 giant cockroaches
  9 hobgoblins
  7 jackals
  8 kobolds
  A quokka (D:5)
  A ball python (D:1)
  A ball python zombie (D:5)
  10 bats
  A giant gecko zombie (D:5)
  7 goblins
  A quokka skeleton (D:4)
  4 rats
122 creatures vanquished.

Notes
Turn   | Place    | Note
--------------------------------------------------------------
     0 | D:1      | theElss the High Elf Conjurer began the quest for the Orb.
     0 | D:1      | Reached XP level 1. HP: 11/11 MP: 4/4
   313 | D:1      | Reached XP level 2. HP: 17/17 MP: 3/6
   369 | D:1      | Learned a level 2 spell: Searing Ray
   817 | D:1      | Reached skill level 5 in Conjurations
  1281 | D:1      | Reached XP level 3. HP: 21/21 MP: 4/8
  1663 | D:2      | Reached skill level 3 in Spellcasting
  1910 | D:2      | Reached XP level 4. HP: 27/27 MP: 3/10
  2335 | D:2      | Noticed Jessica
  2341 | D:2      | Killed Jessica
  2833 | D:3      | Reached skill level 4 in Spellcasting
  2917 | D:3      | Noticed a phantom
  2990 | D:2      | Learned a level 4 spell: Iskenderun's Mystic Blast
  3085 | D:3      | Noticed Natasha
  3089 | D:3      | Killed Natasha
  3089 | D:3      | Reached XP level 5. HP: 31/31 MP: 7/12
  3181 | D:3      | Noticed Natasha
  3192 | D:3      | Killed Natasha
  3262 | D:3      | Noticed Natasha
  3270 | D:3      | Killed Natasha
  4235 | D:3      | Learned a level 5 spell: Iskenderun's Battlesphere
  4309 | D:4      | Reached skill level 5 in Spellcasting
  4309 | D:4      | Reached XP level 6. HP: 28/36 MP: 8/14
  4878 | D:4      | Found a stormy altar of Qazlal.
  4945 | D:4      | Reached skill level 6 in Spellcasting
  5047 | D:4      | Reached XP level 7. HP: 41/41 MP: 8/17
  5877 | D:5      | Entered Level 5 of the Dungeon
  5914 | D:5      | Found a blossoming altar of Fedhas.
  5932 | D:5      | Noticed daning's ghost (amateur HESk)
  5957 | D:5      | Noticed a steam dragon
  6131 | D:5      | Reached skill level 7 in Spellcasting
  6311 | D:5      | Found a glowing silver altar of Zin.
  6312 | D:5      | Noticed an angel
  6587 | D:5      | Killed daning's ghost
  6587 | D:5      | Reached skill level 8 in Spellcasting
  6587 | D:5      | Reached XP level 8. HP: 21/46 MP: 13/21
  6899 | D:5      | Reached skill level 5 in Dodging
  7263 | D:5      | Reached skill level 9 in Spellcasting
  7613 | D:5      | HP: 2/46 [steam dragon] (3)]
  7613 | D:5      | Mangled by a steam dragon

Skill      XL: |  1  2  3  4  5  6  7  8 |
---------------+-------------------------+-----
Conjurations   | 5 6 7 |  7.2
Spellcasting   | 3 4 5 6 8 9 |  9.1
Dodging        | 3 4 5 |  5.5
Short Blades   | |  0.5
Stealth        | |  2.1

Action                   |  1- 3 |  4- 6 |  7- 9 || total
-------------------------+-------+-------+-------++-------
Melee: Unarmed           |     5 |       |       ||     5
       Dagger            |       |     4 |     6 ||    10
 Cast: Magic Dart        |    67 |   115 |    64 ||   246
       Searing Ray       |     6 |    17 |    23 ||    46
       Iskenderun's Myst |       |     3 |    11 ||    14
  Eat: Chunk             |     3 |     9 |     3 ||    15
       Pizza             |       |     1 |     1 ||     2
       Meat ration       |       |       |     1 ||     1
Armor: Robe              |     5 |     5 |     1 ||    11
Dodge: Dodged            |    11 |    28 |    43 ||    82
